 Dungeon Sprint DCSS version 0.26-a0-665-gefeb406119 (webtiles) character file.

Game seed: 11199009342098728311

13152 sahdkjhfkaj the Martial Artist (level 12, -3/100 HPs)
             Began as a Gnoll Transmuter on Oct 13, 2020.
             Was an Initiate of Gozag.
             Slain by Rupert
             ... wielding a +1 great mace of protection
              (35 damage)
             ... in the Dungeon (Sprint III: "The Ten Rune Challenge").
             The game lasted 00:15:01 (7107 turns).

sahdkjhfkaj the Martial Artist (Gnoll Transmuter)   Turns: 7107, Time: 00:15:02

Health: -3/100     AC:  3    Str: 16    XL:     12   Next: 3%
Magic:  20/28      EV: 21    Int: 16    God:    Gozag
Gold:   1218       SH:  0    Dex: 17    Spells: 9/35 levels left

rFire    . . .     SeeInvis .   d - +4 flail (distort)
rCold    . . .     Faith    .   (no shield)
rNeg     . . .     Spirit   .   a - +0 robe
rPois    .         Reflect  .   (no helmet)
rElec    .         Harm     .   (no cloak)
rCorr    .         Rampage  .   (no gloves)
MR       .....     NoTele   +   (no boots)
Stlth    ++++......             (no amulet)
HPRegen  0.26/turn              (no ring)
MPRegen  0.21/turn              (no ring)

@: silence, hasted, very quick
A: distributed training, fangs 1, strong nose
a: Renounce Religion


You were in the Dungeon.
You worshipped Gozag.
Gozag was most pleased with you.
You visited 1 branch You collected 4763 gold pieces.
You spent 1494 gold pieces at shops.
You paid 2051 gold pieces to Gozag.

Inventory:

Hand Weapons
 d - a +4 flail of distortion (weapon)
Armour
 a - a +0 robe (worn)
Scrolls
 i - a scroll of torment {unknown}
 j - 2 scrolls of identify {unknown}
 k - a scroll of immolation {unknown}
 m - a scroll of holy word {unknown}
 n - a scroll of remove curse {unknown}
Potions
 b - 6 potions of mutation
 f - 2 potions of magic
 l - a potion of invisibility {unknown}
 o - 2 potions of might
Miscellaneous
 p - a tin of tremorstones (3/3)


   Skills:
 + Level 11.3 Fighting
 + Level 11.0 Short Blades
 + Level 11.0 Long Blades
 + Level 11.0 Axes
 + Level 11.0 Maces & Flails
 + Level 11.0 Polearms
 + Level 11.0 Staves
 + Level 11.0 Slings
 + Level 11.0 Bows
 + Level 11.0 Crossbows
 + Level 11.0 Throwing
 + Level 11.0 Armour
 + Level 11.8 Dodging
 + Level 11.0 Stealth
 + Level 11.0 Shields
 + Level 12.5 Unarmed Combat
 + Level 12.0 Spellcasting
 + Level 9.4 Conjurations
 + Level 9.4 Hexes
 + Level 9.4 Summonings
 + Level 9.4 Necromancy
 + Level 9.4 Translocations
 + Level 10.1 Transmutations
 + Level 9.4 Fire Magic
 + Level 9.4 Ice Magic
 + Level 9.4 Air Magic
 + Level 9.4 Earth Magic
 + Level 9.4 Poison Magic
 + Level 11.9 Invocations
 + Level 11.0 Evocations


You had 9 spell levels left.
You knew the following spells:

 Your Spells              Type           Power        Failure   Level
a - Beastly Appendage     Tmut           #####.       1%          1
e - Borgnjor's Vile Clut  Necr/Erth      #####.....   4%          5
i - Metabolic Englaciati  Hex/Ice        #####.....   4%          5
s - Silence               Hex/Air        #####.....   4%          5
A - Blade Hands           Tmut           #####.....   3%          5
B - Blink                 Tloc           N/A          1%          2
T - Confusing Touch       Hex            #####...     1%          3

Your spell library contained the following spells:

 Spells                   Type           Power        Failure   Level
 Magic Dart               Conj           ####         1%          1
 Pain                     Necr           ####         1%          1
 Call Imp                 Summ           #####...     1%          2
 Slow                     Hex            #####...     1%          2
 Swiftness                Air            #####...     1%          2
 Wereblood                Tmut           #####...     1%          2
 Conjure Flame            Conj/Fire      #####...     1%          3
 Gell's Gravitas          Tloc           #####.....   1%          3
 Mephitic Cloud           Conj/Pois/Air  #####...     1%          3
 Spider Form              Tmut/Pois      #####.....   1%          3
 Animate Dead             Necr           #####.....   1%          4
 Ice Form                 Ice/Tmut       #####...     1%          4
 Petrify                  Tmut/Erth      #####...     1%          4
 Summon Lightning Spire   Summ/Air       #####...     1%          4
 Yara's Violent Unravell  Hex/Tmut       #####.....   3%          5
 Lightning Bolt           Conj/Air       #####.....   4%          5
 Conjure Ball Lightning   Conj/Air       #####.....   24%         6
 Tornado                  Air            #####.....   100%        9


Dungeon Overview and Level Annotations

Branches:
Dungeon (1/1)

Altars:
Cheibriados
Dithmenos
Elyvilon
Fedhas
Gozag
Hepliaklqana
Kikubaaqudgha
Makhleb
Nemelex Xobeh
Okawaru
Qazlal
Ru
Sif Muna
Trog
Uskayaw
Vehumet
Wu Jian
Xom
Yredelemnul
Zin
The Shining One
Beogh
Jiyva
Lugonu

Shops:
D !::}

Annotations:
D Rupert


Innate Abilities, Weirdness & Mutations

Your experience applies equally to all skills.
You have very sharp teeth.
Your uncanny sense of smell can sniff out nearby items.


Message History

You hit Rupert.
Rupert is moderately wounded.
Rupert blinks!
You hit Rupert but do no damage.
Space warps horribly around Rupert.
Rupert is heavily wounded.
You barely miss Rupert. You punch Rupert, but do no damage.
Rupert is heavily wounded.
Rupert closely misses you.
You closely miss Rupert. Your bite misses Rupert.
Rupert is heavily wounded.
Rupert closely misses you.
You hit Rupert. Your bite misses Rupert.
Rupert is heavily wounded.
Rupert blinks!
You hit Rupert but do no damage.
Space warps horribly around Rupert!
You bite Rupert, but do no damage.
Rupert is heavily wounded.
Rupert hits you with a +1 great mace of protection!!
You die...
Your body crumbles into a pile of gold.

#(.# #..#####....#___#__'.
▓▓▓▓▓▓▓▓▓▓▓▓▓▓▓▓▓▓▓▓▓▓▓▓▓▓
+≈≈≈≈§§≈.≈♣♣.....♣♣♣♣≈
#.≈≈§≈§§≈≈♣♣.≈≈≈≈'♣♣'♣
#≈≈≈§§§§≈≈.'.....#∩≈♣♣
#≈≈≈§≈§≈≈≈♣♣♣♣♣♣♣#..♣♣
$#≈.≈≈≈§§≈≈♣ ###'♣
#+####'#######♣ ♣♣♣♣.#
.......@@......♣ ♣...##
#+#############+ ♣♣.##.
♣..#. ♣♣.## ♣♣.## ♣....
#####


You could see Rupert (berserk).

Vanquished Creatures
  Snorg (D)
  A hydra (D)
  A centaur warrior (D)
  An orc high priest (D)
  A lindwurm (D)
  5 deep elf magi (D)
  An orc knight (D)
  An orc sorcerer (D)
  2 cane toads (D)
  A rime drake (D)
  A komodo dragon (D)
  2 tyrant leeches (D)
  5 blink frogs (D)
  3 redbacks (D)
  A shadow (D)
  A spatial vortex (D)
  A swamp drake (D)
  3 wandering mushrooms (D)
  A necrophage (D)
  2 centaurs (D)
  An earth elemental (D)
  A water elemental (D)
  An electric eel (D)
  A jelly (D)
  Crazy Yiuf (D)
  4 orc priests (D)
  Jessica (D)
  A necromancer (D)
  A wizard (D)
  3 humans (D)
  A kobold demonologist (D)
  An ooze (D)
  9 orcs (D)
  2 rats (D)
63 creatures vanquished.

Vanquished Creatures (others)
  A hydra (D)
  3 plants (D)
4 creatures vanquished.

Grand Total: 67 creatures vanquished

Notes
Turn   | Place    | Note
-------+----------+-------------------------------------------
     0 | D        | sahdkjhfkaj the Gnoll Transmuter began the quest for the
                  | Orb.
     0 | D        | Reached XP level 1. HP: 17/17 MP: 6/6
    12 | D        | Reached skill level 1 in Short Blades
    12 | D        | Reached skill level 1 in Long Blades
    12 | D        | Reached skill level 1 in Axes
    12 | D        | Reached skill level 1 in Maces & Flails
    12 | D        | Reached skill level 1 in Polearms
    12 | D        | Reached skill level 1 in Staves
    12 | D        | Reached skill level 1 in Slings
    12 | D        | Reached skill level 1 in Bows
    12 | D        | Reached skill level 1 in Crossbows
    12 | D        | Reached skill level 1 in Throwing
    12 | D        | Reached skill level 1 in Armour
    12 | D        | Reached skill level 1 in Stealth
    12 | D        | Reached skill level 1 in Shields
    12 | D        | Reached skill level 5 in Spellcasting
    12 | D        | Reached skill level 1 in Invocations
    12 | D        | Reached skill level 1 in Evocations
    22 | D        | Noticed Jessica
    29 | D        | Killed Jessica
    29 | D        | Reached skill level 1 in Conjurations
    29 | D        | Reached skill level 1 in Hexes
    29 | D        | Reached skill level 1 in Summonings
    29 | D        | Reached skill level 1 in Necromancy
    29 | D        | Reached skill level 1 in Translocations
    29 | D        | Reached skill level 1 in Fire Magic
    29 | D        | Reached skill level 1 in Ice Magic
    29 | D        | Reached skill level 1 in Air Magic
    29 | D        | Reached skill level 1 in Earth Magic
    29 | D        | Reached skill level 1 in Poison Magic
    29 | D        | Reached XP level 2. HP: 1/24 MP: 6/8
    29 | D        | Reached XP level 3. HP: 2/29 MP: 6/9
   383 | D        | Reached skill level 5 in Dodging
   642 | D        | Noticed Crazy Yiuf
   647 | D        | Killed Crazy Yiuf
   647 | D        | Reached XP level 4. HP: 36/37 MP: 9/11
   654 | D        | Noticed a water elemental
   669 | D        | Killed a water elemental
   669 | D        | Reached XP level 5. HP: 9/42 MP: 11/13
   914 | D        | Learned a level 5 spell: Blade Hands
   922 | D        | Found a hide-covered altar of Uskayaw.
   922 | D        | Found a roughly hewn altar of Beogh.
   922 | D        | Found an iron altar of Okawaru.
   922 | D        | Found a bloodstained altar of Trog.
   922 | D        | Found an ornate altar of the Wu Jian Council.
   922 | D        | Noticed a human
   924 | D        | Noticed a human
   925 | D        | Killed a human
   925 | D        | Reached skill level 5 in Fighting
   925 | D        | Reached skill level 5 in Transmutations
   925 | D        | Reached XP level 6. HP: 45/51 MP: 8/15
   930 | D        | Killed a human
   930 | D        | Reached skill level 5 in Short Blades
   930 | D        | Reached skill level 5 in Long Blades
   930 | D        | Reached skill level 5 in Axes
   930 | D        | Reached skill level 5 in Maces & Flails
   930 | D        | Reached skill level 5 in Polearms
   930 | D        | Reached skill level 5 in Staves
   930 | D        | Reached skill level 5 in Slings
   930 | D        | Reached skill level 5 in Bows
   930 | D        | Reached skill level 5 in Crossbows
   930 | D        | Reached skill level 5 in Throwing
   930 | D        | Reached skill level 5 in Armour
   930 | D        | Reached skill level 5 in Stealth
   930 | D        | Reached skill level 5 in Shields
   930 | D        | Reached skill level 5 in Invocations
   930 | D        | Reached skill level 5 in Evocations
  1106 | D        | Reached XP level 7. HP: 55/57 MP: 12/17
  1137 | D        | Noticed a shadow
  1262 | D        | Killed a shadow
  1386 | D        | Found a glowing silver altar of Zin.
  1389 | D        | Noticed a deep elf mage
  1390 | D        | Found a glowing golden altar of the Shining One.
  1390 | D        | Found a white marble altar of Elyvilon.
  1397 | D        | Killed a deep elf mage
  1397 | D        | Reached skill level 5 in Conjurations
  1397 | D        | Reached skill level 5 in Hexes
  1397 | D        | Reached skill level 5 in Summonings
  1397 | D        | Reached skill level 5 in Necromancy
  1397 | D        | Reached skill level 5 in Translocations
  1397 | D        | Reached skill level 5 in Fire Magic
  1397 | D        | Reached skill level 5 in Ice Magic
  1397 | D        | Reached skill level 5 in Air Magic
  1397 | D        | Reached skill level 5 in Earth Magic
  1397 | D        | Reached skill level 5 in Poison Magic
  1397 | D        | Reached XP level 8. HP: 55/65 MP: 15/20
  1465 | D        | Found a blossoming altar of Fedhas.
  1465 | D        | Found a stormy altar of Qazlal.
  1465 | D        | Found a snail-covered altar of Cheibriados.
  1465 | D        | Found a burning altar of Makhleb.
  1465 | D        | Found a shimmering altar of Xom.
  1466 | D        | Found a hazy altar of Hepliaklqana.
  1466 | D        | Found an opulent altar of Gozag.
  1466 | D        | Found a sparkling altar of Nemelex Xobeh.
  1466 | D        | Found a corrupted altar of Lugonu.
  1466 | D        | Found a viscous altar of Jiyva.
  1475 | D        | Became a worshipper of Gozag Ym Sagoz the Greedy
  1524 | D        | Found a radiant altar of Vehumet.
  1529 | D        | Found a shimmering blue altar of Sif Muna.
  1529 | D        | Found an ancient bone altar of Kikubaaqudgha.
  1544 | D        | Learned a level 2 spell: Blink
  1548 | D        | Learned a level 3 spell: Confusing Touch
  1560 | D        | Found a basalt altar of Yredelemnul.
  1560 | D        | Found a shadowy altar of Dithmenos.
  1560 | D        | Found a sacrificial altar of Ru.
  1604 | D        | Noticed Snorg
  1614 | D        | Killed Snorg
  1614 | D        | Reached skill level 10 in Unarmed Combat
  1614 | D        | Reached XP level 9. HP: 32/74 MP: 17/22
  2142 | D        | Noticed a centaur warrior
  2151 | D        | Killed a centaur warrior
  2382 | D        | Learned a level 5 spell: Metabolic Englaciation
  2382 | D        | Found Utepnest's Book Boutique.
  2382 | D        | Noticed an orc knight
  2384 | D        | Noticed an orc sorcerer
  2384 | D        | Noticed an orc high priest
  2387 | D        | Noticed an orc knight
  2391 | D        | Noticed an ice devil
  2412 | D        | Noticed a smoke demon
  3110 | D        | Killed an orc knight
  3110 | D        | Reached XP level 10. HP: 56/82 MP: 23/23
  3266 | D        | Banished an orc knight
  3266 | D        | Reached skill level 10 in Spellcasting
  3290 | D        | Noticed a sun demon
  3296 | D        | Killed an orc high priest
  3296 | D        | Reached skill level 10 in Dodging
  3476 | D        | Killed an orc sorcerer
  3773 | D        | Bought Sipenug's Disquisition on Floating Evil Magic for
                  | 649 gold pieces
  3779 | D        | Learned a level 5 spell: Borgnjor's Vile Clutch
  3787 | D        | Noticed a deep elf mage
  3787 | D        | Noticed a deep elf knight
  3787 | D        | Noticed a deep elf mage
  3787 | D        | Noticed a deep elf mage
  3787 | D        | Noticed a deep elf mage
  3832 | D        | Killed a deep elf mage
  3832 | D        | Reached skill level 10 in Invocations
  3845 | D        | Banished a deep elf knight
  3856 | D        | Killed a deep elf mage
  3866 | D        | Killed a deep elf mage
  3866 | D        | Reached skill level 10 in Fighting
  3866 | D        | Reached XP level 11. HP: 65/90 MP: 25/25
  3870 | D        | Killed a deep elf mage
  3991 | D        | Bought a book of the Sky for 845 gold pieces
  3997 | D        | Learned a level 5 spell: Silence
  4010 | D        | Noticed a deep elf demonologist
  4010 | D        | Noticed a deep elf annihilator
  4134 | D        | Banished an unseen horror
  4708 | D        | Reached skill level 10 in Short Blades
  4708 | D        | Reached skill level 10 in Long Blades
  4708 | D        | Reached skill level 10 in Axes
  4708 | D        | Reached skill level 10 in Maces & Flails
  4708 | D        | Reached skill level 10 in Polearms
  4708 | D        | Reached skill level 10 in Staves
  4708 | D        | Reached skill level 10 in Slings
  4708 | D        | Reached skill level 10 in Bows
  4708 | D        | Reached skill level 10 in Crossbows
  4708 | D        | Reached skill level 10 in Throwing
  4708 | D        | Reached skill level 10 in Armour
  4708 | D        | Reached skill level 10 in Stealth
  4708 | D        | Reached skill level 10 in Shields
  4708 | D        | Reached skill level 10 in Evocations
  5865 | D        | Noticed a lindwurm
  6159 | D        | Killed a lindwurm
  6293 | D        | Noticed Urug
  6298 | D        | Banished Urug
  6391 | D        | Noticed a six-headed hydra
  6391 | D        | Noticed a seven-headed hydra
  6425 | D        | Killed a seven-headed hydra
  6491 | D        | Killed a six-headed hydra
  6655 | D        | Noticed a death drake
  6671 | D        | Banished a death drake
  6804 | D        | Reached skill level 10 in Transmutations
  6888 | D        | Reached XP level 12. HP: 49/100 MP: 10/27
  7090 | D        | Noticed Rupert
  7107 | D        | Slain by Rupert

Illustrated notes

Levels and vault maps discovered:
D:        dungeon_sprint_mu [sprint_mu_entry_cave, sprint_mu_temple_rooms,
          sprint_mu_d1_horrors, sprint_mu_d2_genie, sprint_mu_d3_branching,
          sprint_mu_orc_legion, sprint_mu_elf_gauntlet, sprint_mu_hive_nellie,
          sprint_mu_lair_fedhas, sprint_mu_vaults_butterflies,
          sprint_mu_slime_circle, sprint_mu_shoals_kraken,
          sprint_mu_snake_twists, sprint_mu_blade_basic, sprint_mu_crypt_lich,
          sprint_mu_tomb_spiral, sprint_mu_vestibule_basic,
          sprint_mu_gehenna_hellfire, sprint_mu_dis_giant,
          sprint_mu_tartarus_statrot, sprint_mu_cocytus_islands, sprint_mu_zot1]

Skill      XL: |  1  2  3  4  5  6  7  8  9 10 11 12 |
---------------+-------------------------------------+-----
Short Blades   | 1 2 3 4 5 6 7 8 9 11 | 11.0
Long Blades    | 1 2 3 4 5 6 7 8 9 11 | 11.0
Axes           | 1 2 3 4 5 6 7 8 9 11 | 11.0
Maces & Flails | 1 2 3 4 5 6 7 8 9 11 | 11.0
Polearms       | 1 2 3 4 5 6 7 8 9 11 | 11.0
Staves         | 1 2 3 4 5 6 7 8 9 11 | 11.0
Slings         | 1 2 3 4 5 6 7 8 9 11 | 11.0
Bows           | 1 2 3 4 5 6 7 8 9 11 | 11.0
Crossbows      | 1 2 3 4 5 6 7 8 9 11 | 11.0
Throwing       | 1 2 3 4 5 6 7 8 9 11 | 11.0
Armour         | 1 2 3 4 5 6 7 8 9 11 | 11.0
Stealth        | 1 2 3 4 5 6 7 8 9 11 | 11.0
Shields        | 1 2 3 4 5 6 7 8 9 11 | 11.0
Spellcasting   | 5 6 7 8 9 10 11 12 | 12.0
Invocations    | 2 3 4 5 6 8 9 10 11 | 11.9
Evocations     | 1 2 3 4 5 6 7 8 9 11 | 11.0
Fighting       | 3 4 5 6 8 10 11 | 11.3
Conjurations   | 1 2 3 4 5 6 7 8 9 |  9.4
Hexes          | 1 2 3 4 5 6 7 8 9 |  9.4
Summonings     | 1 2 3 4 5 6 7 8 9 |  9.4
Necromancy     | 1 2 3 4 5 6 7 8 9 |  9.4
Translocations | 1 2 3 4 5 6 7 8 9 |  9.4
Transmutations | 4 5 6 7 8 9 10 | 10.1
Fire Magic     | 1 2 3 4 5 6 7 8 9 |  9.4
Ice Magic      | 1 2 3 4 5 6 7 8 9 |  9.4
Air Magic      | 1 2 3 4 5 6 7 8 9 |  9.4
Earth Magic    | 1 2 3 4 5 6 7 8 9 |  9.4
Poison Magic   | 1 2 3 4 5 6 7 8 9 |  9.4
Dodging        | 5 6 7 8 9 10 11 | 11.8
Unarmed Combat | 7 8 9 10 11 12 | 12.5

Action                   |  1- 3 |  4- 6 |  7- 9 | 10-12 || total
-------------------------+-------+-------+-------+-------++-------
Melee: Unarmed           |    20 |    20 |    60 |     4 ||   104
       Kick              |     5 |     4 |       |       ||     9
       Headbutt          |     4 |     1 |       |       ||     5
       Bite              |     1 |     4 |    11 |    13 ||    29
       Punch             |       |     1 |     1 |     9 ||    11
       Flail             |       |       |     8 |   141 ||   149
 Cast: Beastly Appendage |     4 |       |       |       ||     4
       Blade Hands       |       |     2 |     9 |     2 ||    13
       Metabolic Englaci |       |       |     2 |     4 ||     6
       Confusing Touch   |       |       |     1 |     1 ||     2
       Borgnjor's Vile C |       |       |       |    28 ||    28
       Silence           |       |       |       |     2 ||     2
       Blink             |       |       |       |     1 ||     1
Invok: Call Merchant     |       |       |       |     3 ||     3
 Abil: End Transformatio |       |       |       |     2 ||     2
Evoke: Tin of tremorston |       |       |       |     1 ||     1
  Use: Potion            |       |       |     2 |     3 ||     5
       Scroll            |       |       |       |     1 ||     1
 Stab: Sleeping          |     1 |     1 |     1 |     1 ||     4
       Distracted        |       |       |       |     5 ||     5
Armor: Robe              |       |       |     2 |     9 ||    11
       Chain mail        |       |       |       |     1 ||     1
Dodge: Dodged            |    12 |     6 |    37 |   117 ||   172

Table legend: (Time is in decaauts)
 A = Elapsed time spent in this place.
 B = Non-inter-level travel time spent in this place.
 C = Inter-level travel time spent in this place.
 D = Time resting spent in this place.
 E = Time spent auto-exploring this place.
 F = Levels seen in this place.
 G = Mean time per level.
                   A        B        C        D        E       F      G
               +--------+--------+--------+--------+--------+-----+--------+
         Total |   7128 |   6916 |    212 |   5001 |    565 |   1 | 7128.0 |
       Dungeon |   7128 |   6916 |    212 |   5001 |    565 |   1 | 7128.0 |
               +--------+--------+--------+--------+--------+-----+--------+

Top non-repeatable levels by time:
       D: 7128 daAuts
